 Dungeon Crawl Stone Soup version 0.17-a0-1202-g2dd280d (console) character file.

2217434 casual the Cloud Mage (level 27, 209/218 HPs)
             Began as a Mummy Enchanter on June 2, 2015.
             Was a High Priest of Cheibriados.
             Escaped with the Orb
             ... and 5 runes on June 3, 2015!
             The game lasted 07:17:51 (135540 turns).

casual the Cloud Mage (Mummy Enchanter)           Turns: 135540, Time: 07:17:51

Health: 209/218    AC: 27    Str: 35    XL:     27
Magic:  39/45      EV: 31    Int: 42    God:    Cheibriados [*****.]
Gold:   3923       SH: 13    Dex: 38    Spells: 11 memorised, 4 levels left

rFire  + + .     SeeInvis +     C - +9 scimitar (freeze)
rCold  + + .     Clarity  .     J - +8 ring mail of Cagosh {MR+ Dex+5}
rNeg   + + +     SustAt   +     O - +3 buckler "Ameyxona" {Int+3 Dex+4 Stlth+}
rPois  ∞         Gourm    .     U - +3 crown of Dyrovepreva {rElec Int+2 SInv}
rElec  +         Spirit   .     T - +2 cloak of Starlight {rElec rC+ EV+4 Stlth--}
rCorr  +         Warding  .     V - +0 pair of gloves of the Marlin {Regen+ Str+5}
rMut   .         Stasis   .     F - +2 pair of boots
MR     +++..                    d - amulet of resist corrosion
Stlth  +.........               f - ring "Mayczamuu" {rF+ rN+ Str+2 Slay+2}
                                N - ring of Uwimaser {SustAt rF++ MR- Str+4 SInv}

@: deflect missiles, very slow, extremely resistant to hostile enchantments,
very unstealthy
A: no food or potions, fire vulnerability, cold resistance 1, negative energy
resistance 3, torment resistance, unbreathing, in touch with death 2, restore
body
a: Self-Restoration, Bend Time, Temporal Distortion, Slouch, Step From Time,
Renounce Religion
0: Orb of Zot
}: 5/15 runes: decaying, slimy, silver, abyssal, gossamer


You escaped.
You worshipped Cheibriados.
Cheibriados was extremely pleased with you.
You were not hungry.

You visited 12 branches of the dungeon, and saw 63 of its levels.
You visited the Abyss 1 time.
You also visited: Ice Cave.

You collected 9607 gold pieces.
You spent 5684 gold pieces at shops.

Inventory:

Hand weapons
 a - a +2 scimitar of electrocution
 C - a +9 scimitar of freezing (weapon)
Missiles
 u - 223 stones (quivered)
Armour
 x - the +2 hat of the High Council {Archmagi, Wiz- Stlth-}
   (You found it on level 5 of the Vaults)

   It makes you less stealthy.
 D - a +2 cloak
 F - a +2 pair of boots (worn)
 J - the +8 ring mail of Cagosh (worn) {MR+ Dex+5}
   (You bought it in a shop on level 3 of the Vaults)

   It affects your dexterity (+5).
   It affects your resistance to hostile enchantments.
 O - the +3 buckler "Ameyxona" (worn) {Int+3 Dex+4 Stlth+}
   (You found it on level 3 of the Crypt)

   It affects your intelligence (+3).
   It affects your dexterity (+4).
   It makes you more stealthy.
 P - a +1 cloak
 T - the +2 cloak of Starlight (worn) {rElec rC+ EV+4 Stlth--}
   (You found it on level 5 of the Vaults)

   It affects your evasion (+4).
   It protects you from cold.
   It insulates you from electricity.
   It makes you much less stealthy.
 U - the +3 crown of Dyrovepreva (worn) {rElec Int+2 SInv}
   (You found it in an ice cave)

   It affects your intelligence (+2).
   It insulates you from electricity.
   It lets you see invisible.
 V - the +0 pair of gloves of the Marlin (worn) {Regen+ Str+5}
   (You found it on level 3 of the Elven Halls)

   It affects your strength (+5).
   It increases your rate of regeneration.
Magical staves
 b - an uncursed staff of wizardry
 m - an uncursed staff of fire
 v - an uncursed staff of energy
Jewellery
 d - an amulet of resist corrosion (around neck)
 f - the ring "Mayczamuu" (right hand) {rF+ rN+ Str+2 Slay+2}
   (You found it on level 3 of the Crypt)

   [ring of positive energy]

   It affects your strength (+2).
   It affects your accuracy and damage with ranged weapons and melee attacks
   (+2).
   It protects you from fire.
   It protects you from negative energy.
 g - an uncursed ring of protection from cold
 i - the ring of the Gloaming {-Tele +Fly Int+3 Stlth+}
   (You took it off a yaktaur on level 5 of the Depths)

   [ring of stealth]

   It affects your intelligence (+3).
   It lets you fly.
   It prevents most forms of teleportation.
   It makes you more stealthy.
 t - a cursed -3 ring of evasion
 w - the ring of Shadows {Umbra +Inv rN+ SInv}
   (You took it off a deep elf sorcerer on level 3 of the Elven Halls)

   [ring of invisibility]

   It protects you from negative energy.
   It lets you see invisible.
   It lets you turn invisible.
 G - the ring "Agikira" {rC+ MR+ Str+3 Slay+3}
   (You took it off a death knight on level 3 of the Crypt)

   [ring of protection from magic]

   It affects your strength (+3).
   It affects your accuracy and damage with ranged weapons and melee attacks
   (+3).
   It protects you from cold.
   It affects your resistance to hostile enchantments.
 H - an uncursed ring of sustain attributes
 N - the ring of Uwimaser (left hand) {SustAt rF++ MR- Str+4 SInv}
   (You found it on level 5 of the Lair of Beasts)

   [ring of sustain attributes]

   It sustains your strength, intelligence and dexterity.
   It affects your strength (+4).
   It greatly protects you from fire.
   It affects your resistance to hostile enchantments.
   It lets you see invisible.
 S - the ring "Hiblagg" {Wiz Dex+4}
   (You took it off a yaktaur captain on level 4 of the Vaults)

   [ring of wizardry]

   It improves your spell success rate.
   It affects your dexterity (+4).
 X - an uncursed ring of teleportation
Magical devices
 p - a wand of digging (12)
 y - a wand of disintegration (5)
 A - a wand of teleportation (6)
 K - a wand of heal wounds (0)
Scrolls
 c - a scroll of fear
 h - 4 scrolls of immolation
 j - 7 scrolls of fog
 n - 6 scrolls of magic mapping
 q - 2 scrolls of summoning
 s - 22 scrolls of remove curse
 B - 5 scrolls of vulnerability
 L - a scroll of brand weapon
 M - 3 scrolls of identify
 W - 3 scrolls of torment
Books
 R - a book of Annihilations

   Spells                             Type                      Level
   a - Poison Arrow                   Conjuration/Poison           6
   b - Chain Lightning                Conjuration/Air              8
   c - Lehudib's Crystal Spear        Conjuration/Earth            8
   d - Glaciate                       Conjuration/Ice              9
   e - Fire Storm                     Conjuration/Fire             9
Miscellaneous
 k - a phial of floods
 r - 3 phantom mirrors
 z - a fan of gales
 E - a lantern of shadows
 I - a sack of spiders
 Q - a lamp of fire
 Y - a crystal ball of energy


   Skills:
 + Level 18.2 Fighting
   Level 11.1(11.3) Short Blades
 - Level 2.8(7.7) Long Blades
 - Level 11.1 Armour
 - Level 11.3 Dodging
 - Level 4.8 Stealth
 - Level 12.4 Shields
 - Level 18.4 Spellcasting
 - Level 10.0 Conjurations
 - Level 6.9 Hexes
 - Level 13.9 Summonings
 - Level 13.6 Necromancy
 - Level 5.0 Translocations
   Level 3.0 Ice Magic
 - Level 23.6 Air Magic
 - Level 12.4 Invocations
 - Level 11.1 Evocations


You had 4 spell levels left.
You knew the following spells:

 Your Spells              Type           Power        Failure   Level  Hunger
a - Bolt of Draining      Conj/Necr      ########..   1%          5    N/A
b - Dispel Undead         Necr           ########     1%          5    N/A
c - Haunt                 Necr/Summ      ########..   2%          7    N/A
d - Conjure Ball Lightni  Conj/Air       ########..   1%          6    N/A
e - Blink                 Tloc           N/A          1%          2    N/A
f - Poison Arrow          Conj/Pois      ######....   17%         6    N/A
g - Deflect Missiles      Chrm/Air       #######...   1%          6    N/A
h - Apportation           Tloc           ######....   1%          1    N/A
i - Chain Lightning       Conj/Air       ########..   8%          8    N/A
k - Tukima's Dance        Hex            #######.     1%          3    N/A
p - Tornado               Air            ########..   8%          9    N/A

Dungeon Overview and Level Annotations

Branches:
Dungeon (15/15)            Temple (0/1) D:5            Lair (8/8) D:10
  Swamp (4/4) Lair:4       Spider (4/4) Lair:5        Slime (6/6) Lair:7
    Orc (4/4) D:9             Elf (3/3) Orc:3        Vaults (5/5) D:14
  Crypt (3/3) Vaults:2       Tomb (0/3) Crypt:3      Depths (5/5) D:15
   Hell (1/1)                 Dis (0/7) Hell            Geh (0/7) Hell
    Coc (0/7) Hell            Tar (0/7) Hell            Zot (5/5) Depths:5

Altars:
Cheibriados
Dithmenos
Fedhas
Kikubaaqudgha
Makhleb
Nemelex Xobeh
Okawaru
Vehumet
Yredelemnul
Zin
The Shining One
Beogh
Jiyva

Shops:
D:10 %((   D:13 ?   D:15 [   Orc:1 }   Orc:3 (   Orc:4 %(=*   Elf:1 }
Vaults:1 :   Vaults:3 *%   Depths:2 *   Depths:5 ?

Portals:
Hell: Depths:1 Depths:2 Depths:3 Depths:4 Depths:5
Abyss: Depths:1 Depths:4 Depths:5
Pandemonium: Depths:3
Ziggurat: Depths:4

Annotations:
D:5 Garrluk's ghost, average HEAE
D:8 exclusion: 2 oklob saplings
Lair:4 exclusion: 2 oklob plants
Elf:3 Mara
Crypt:1 Mennas


Innate Abilities, Weirdness & Mutations

You do not eat or drink.
Your flesh is vulnerable to fire.
You are immune to poison.
Your flesh is cold resistant.
You are immune to negative energy.
You are immune to unholy pain and torment.
You can survive without breathing.
You are strongly in touch with the powers of death.
You can restore your body by infusing magical energy.


Message History

A mysterious force pulls you upwards. The hatch slams shut behind you.
You sense a powerful magical force warping space.
Health restored: 218 You open the door.
There is an open door here.
There is a staircase leading out of the dungeon here.
Casting: Tornado
Confirm with . or Enter, or press ? or * to list all spells.
You create some ball lightning!
You now have 39/45 mp.
Your ball lightning explodes!
The blast of lightning engulfs you! You resist.
The blast of lightning engulfs your ball lightning.
Your ball lightning completely resists.
The blast of lightning engulfs the Executioner.
The Executioner resists.
The Executioner is moderately wounded.
The blast of lightning engulfs your ball lightning.
Your ball lightning completely resists.
You have escaped!

..#.##.###.### #.....(#
###.##..##...######..###
##......##.#.........#
##.......#.#.........#
##.......#.#.........#
....####.#.#...###...#
######........##.##..#
#........#..*#1.#
#....>...**@.'..# ####
#........#...#..# )..#
#........##.##..# ##.#
#.........###...# #.#
######..........# #.#
#..........# #.#
#..........# #.#
#..........# ##.#
############


You could see an Executioner and 3 friendly ball lightnings.

Vanquished Creatures
  the royal jelly (Slime:6)
  The ghost of Herrn the Slayer, a legendary NaFi of Okawaru (Slime:6)
  5 orbs of fire (Zot:5)
  4 ancient liches (Zot:5)
  4 pandemonium lords
  Frederick (Crypt:1)
  Norris (D:15)
  Saint Roka (Vaults:4)
  3 caustic shrikes
  2 curse toes (Zot:5)
  Geryon (Hell)
  2 Killer Klowns
  8 golden dragons
  Jory (Crypt:1)
  the Enchantress (Depths:3)
  Xtahua (Depths:4)
  3 bone dragons
  13 liches
  A Brimstone Fiend (Depths:2)
  Jorgrun (Vaults:4)
  3 electric golems
  A hellephant (D:15)
  20 tentacled monstrosities
  Asterion (Elf:3)
  39 acid blobs
  A titan (Vaults:5)
  2 deep elf blademasters (Elf:3)
  2 deep elf master archers (Elf:3)
  30 Orb Guardians
  2 quicksilver dragons (Vaults:4)
  4 tentacled starspawn (Abyss:3)
  2 octopode crushers
  2 ancient champions
  Gastronok (D:12)
  An Executioner (Abyss:3)
  6 sphinxes
  3 thorn hunters
  12 shadow dragons
  9 storm dragons
  Kirke (Lair:7)
  6 revenants
  29 azure jellies
  8 draconian monks
  11 fire giants
  8 tengu reavers
  A storm dragon (shapeshifter) (Zot:1)
  12 frost giants
  4 iron dragons
  3 draconian knights
  3 orc warlords
  3 draconian scorchers
  4 ghost moths
  10 deep elf sorcerers
  5 balrugs
  2 draconian zealots
  5 curse skulls
  14 vault wardens
  7 emperor scorpions
  An angel (Abyss:3)
  7 war gargoyles
  5 spriggan defenders
  13 ghouls
  6 draconian shifters
  2 reapers
  5 draconian annihilators
  An ophan (Abyss:3)
  14 very ugly things
  29 stone giants
  19 ironheart preservers
  4 salamander firebrands
  3 green draconians (Zot:1)
  5 black draconians
  3 draconian callers
  7 deep elf demonologists
  10 mottled draconians
  4 red draconians
  5 vampire knights
  A lorocyproca (D:9)
  6 white draconians
  8 yellow draconians
  10 deep elf annihilators
  11 purple draconians
  A merfolk javelineer (Depths:1)
  12 ettins
  A crystal guardian (Zot:1)
  A mummy priest (Crypt:3)
  9 deep elf death magi
  7 eidola
  35 vault guards
  13 death oozes
  A merfolk impaler (Depths:1)
  28 fire dragons
  A kraken zombie (Hell)
  4 blizzard demons
  Josephine (Lair:7)
  14 jiangshi
  10 entropy weavers
  28 hydras
  4 rakshasas
  18 great orbs of eyes
  4 deep elf high priests
  21 ice dragons
  8 death cobs
  27 yaktaur captains
  A hydra (shapeshifter) (Vaults:5)
  A catoblepas (Lair:6)
  7 death knights
  10 centaur warriors
  5 salamander stormcallers
  2 ghost crabs
  5 spriggan air magi
  13 dancing weapons
  14 alligators
  8 deep troll shamans
  27 ogre magi
  4 death yaks (Lair:7)
  8 tengu warriors
  14 small abominations
  5 hell beasts (Hell)
  7 sun demons
  An orc high priest (Orc:4)
  3 soul eaters
  8 spriggan berserkers
  7 vampire magi
  A death yak (shapeshifter) (Vaults:3)
  3 titan zombies (Crypt:3)
  A hell hog (Hell)
  2 naga sharpshooters (Depths:5)
  Urug (Orc:3)
  3 hell knights
  A thrashing horror (Abyss:3)
  The ghost of ohyou the Ducker, an experienced OpTm of Cheibriados (Lair:2)
  17 deep elf knights
  An iron golem (Hell)
  11 deep troll earth magi
  3 wretched stars
  3 unseen horrors
  2 fire crabs (shapeshifter)
  5 iron trolls
  2 storm dragon zombies
  A death drake (Zot:4)
  8 ice devils
  2 spatial maelstroms (Abyss:3)
  A fire crab (Vaults:4)
  2 salamander mystics
  6 shadow wraiths
  A giant orange brain (shapeshifter) (Vaults:1)
  25 skeletal warriors
  A storm dragon skeleton (Crypt:3)
  16 flayed ghosts
  A ghost moth zombie (Crypt:3)
  2 golden dragon zombies
  2 lindwurms
  34 deep trolls
  16 large abominations
  3 spriggan druids
  An anaconda zombie (Crypt:3)
  12 ironbrand convokers
  A swamp dragon (shapeshifter) (Vaults:4)
  12 hill giants
  4 ice statues
  8 giant orange brains
  A shadow dragon zombie (Crypt:3)
  16 deep elf summoners
  A golden dragon skeleton (Depths:3)
  3 shambling mangroves
  2 shadow demons
  An anubis guard (shapeshifter) (Vaults:4)
  6 wizards
  15 swamp dragons
  Pikel (D:7)
  A harpy (shapeshifter) (Vaults:1)
  9 necromancers
  22 orc knights
  2 iron dragon zombies
  A wolf spider (shapeshifter) (Vaults:5)
  A wolf spider zombie (Crypt:1)
  62 ugly things
  40 phantasmal warriors
  A griffon (shapeshifter) (Vaults:2)
  A stone giant zombie (Vaults:4)
  2 shadow dragon skeletons
  9 cyclopes
  2 tengu skeletons
  5 fire giant zombies
  5 hornets
  15 deep elf conjurers
  8 harpies
  22 orb spiders
  2 frost giant zombies
  38 wolf spiders
  A manticore (D:15)
  5 griffons
  A manticore (shapeshifter) (Vaults:5)
  2 sphinx skeletons
  3 apocalypse crabs (Abyss:3)
  4 shining eyes
  An octopode (shapeshifter) (Vaults:2)
  14 elephants
  A worldbinder (Abyss:3)
  3 sixfirhies
  5 salamanders
  5 orc sorcerers
  A toenail golem (Depths:2)
  A frost giant skeleton (Depths:3)
  30 vault sentinels
  An elf zombie (Vaults:5)
  27 moths of wrath
  5 rust devils
  A black mamba (shapeshifter) (Vaults:3)
  A guardian serpent (shapeshifter) (Depths:4)
  5 guardian serpents
  A stone giant skeleton (Crypt:2)
  A dire elephant zombie (Crypt:3)
  A torpor snail (shapeshifter) (Depths:5)
  36 spiny frogs
  4 orange demons
  A gargoyle (D:14)
  2 eyes of devastation
  A centaur zombie (D:14)
  5 smoke demons
  3 torpor snails
  An efreet (Abyss:2)
  A spiny frog (shapeshifter) (Elf:1)
  4 kobold demonologists
  A molten gargoyle (Hell)
  5 black mambas
  A yaktaur (shapeshifter) (Vaults:3)
  An emperor scorpion zombie (Abyss:3)
  A spriggan skeleton (Depths:3)
  5 hellions
  4 yaktaur zombies
  4 wandering mushrooms (D:8)
  2 human skeletons
  18 komodo dragons
  A hellwing (D:15)
  2 tormentors
  76 yaktaurs
  21 demonic crawlers
  6 tengu conjurers
  3 harpy zombies (Zot:1)
  5 fire drakes
  4 hydra zombies (Hell)
  A merfolk (shapeshifter) (Depths:3)
  8 red devils
  22 blink frogs
  54 two-headed ogres
  8 trolls
  A tengu simulacrum (Vaults:4)
  20 freezing wraiths
  2 wind drakes (Zot:4)
  10 polar bears
  4 ancient zymes (Abyss:3)
  25 jumping spiders
  2 wind drakes (shapeshifter) (Vaults:4)
  A guardian mummy (Crypt:3)
  13 blue devils
  24 deep elf priests
  13 raiju
  A fire giant simulacrum (Crypt:3)
  Prince Ribbit (D:7)
  100 slime creatures
  9 giant leeches
  5 bog bodies
  23 ravens
  9 boulder beetles
  A slime creature (shapeshifter) (Vaults:1)
  3 vampires
  2 ice dragon zombies
  5 human simulacra
  A centaur simulacrum (D:14)
  The ghost of Garrluk the Gusty, an average HEAE (D:8)
  33 deep elf magi
  3 water elementals
  An alligator skeleton (Hell)
  24 flying skulls
  2 wyverns (D:10)
  22 trapdoor spiders
  4 hogs (Lair:7)
  14 spriggans
  3 air elementals
  8 starcursed masses
  A tarantella (shapeshifter) (Vaults:5)
  A satyr skeleton (Crypt:1)
  5 fire elementals (Hell)
  59 redbacks
  22 wraiths
  7 shadows
  9 basilisks
  3 ynoxinuls
  28 tarantellas
  26 vampire mosquitoes
  63 yaks
  2 golden eyes (Abyss:3)
  2 golden eyes (shapeshifter) (Vaults:5)
  5 steam dragons
  2 chaos spawn
  A human (shapeshifter) (Elf:3)
  9 hippogriffs
  5 neqoxecs
  39 deep elf fighters
  18 wargs
  A deep troll zombie (Vaults:2)
  6 hungry ghosts
  3 spatial vortices (Abyss:3)
  42 wolves
  4 insubstantial wisps
  2 mottled dragons
  A faun zombie (Crypt:2)
  A soldier ant (shapeshifter) (Depths:3)
  23 swamp worms
  6 raven skeletons (Crypt:3)
  A hydra simulacrum (Hell)
  A yaktaur simulacrum (Vaults:5)
  2 human zombies
  34 spiders
  A water moccasin (shapeshifter) (Vaults:5)
  2 alligator simulacra (Hell)
  A spiny frog zombie (Crypt:3)
  14 water moccasins
  8 hell hounds
  24 swamp drakes
  An eye of draining (shapeshifter) (Vaults:1)
  15 necrophages (Crypt:3)
  16 wasps
  20 porcupines
  5 sky beasts
  16 black bears
  An orc zombie (Vaults:2)
  27 ice beasts
  A black bear (shapeshifter) (Depths:3)
  A snapping turtle zombie (Crypt:1)
  A manticore zombie (Crypt:3)
  86 ogres
  69 orc warriors
  A phantom (Vaults:4)
  11 centaurs
  32 crocodiles
  11 eyes of draining
  22 giant frogs
  15 boggarts
  Blork the orc (D:4)
  A big kobold (D:14)
  2 brain worms (shapeshifter)
  A wyvern zombie (D:14)
  An elf skeleton (Crypt:1)
  2 giant frogs (shapeshifter)
  A wyvern skeleton (D:7)
  A swamp dragon simulacrum (Crypt:1)
  6 scorpions
  19 wights
  A boulder beetle zombie (Crypt:1)
  7 electric eels
  10 killer bees (D:10)
  A raiju skeleton (Crypt:2)
  5 quasits
  8 crimson imps
  3 giant frog zombies
  24 hounds
  6 iron imps
  3 lava snakes (D:12)
  38 orc priests
  A hound (shapeshifter) (Depths:4)
  6 centaur skeletons
  2 giant frog skeletons
  29 jellies
  46 orc wizards
  19 iguanas
  36 sheep
  9 hell rats
  17 worker ants
  A big kobold skeleton (Crypt:1)
  A worker ant zombie (D:6)
  2 mummies (Crypt:3)
  7 gnolls
  A hound skeleton (D:10)
  15 adders
  A river rat (shapeshifter) (Depths:5)
  108 river rats
  8 shadow imps
  21 white imps
  A giant eyeball (Depths:5)
  16 ufetubi
  An ooze (D:3)
  An adder zombie (D:4)
  2 adder skeletons (D:7)
  2 worms
  10 giant geckos
  A giant gecko (shapeshifter) (Depths:2)
  239 orcs
  3 ball pythons
  2 bat skeletons
  10 giant cockroaches
  26 goblins
  18 hobgoblins
  23 jackals
  5 quokkas
  A ball python zombie (Crypt:1)
  14 bats
  A giant gecko skeleton (D:6)
  5 giant newts
  A jackal skeleton (D:4)
  29 kobolds
  A lurking horror (Abyss:2)
  18 rats
  A fungus (Elf:3)
  5 lost souls
  13 plants
  6 starspawn tentacles (Abyss:3)
  3 tentacles (Hell)
4004 creatures vanquished.

Vanquished Creatures (collateral kills)
  Sojobo (Crypt:1)
  A profane servitor (Crypt:3)
  Rupert (D:12)
  4 tentacled monstrosities
  A titan (Vaults:5)
  An ancient champion (Crypt:1)
  2 sphinxes (Vaults:5)
  2 storm dragons
  5 shadow dragons
  3 tengu reavers
  Donald (Spider:1)
  An iron dragon (Vaults:5)
  Maud (D:11)
  A draconian knight (Depths:5)
  A fire giant (Depths:5)
  5 vault wardens
  A frost giant (D:14)
  A draconian scorcher (Zot:4)
  A ghoul (Crypt:1)
  A war gargoyle (Vaults:5)
  4 ironheart preservers
  2 stone giants
  A reaper (Crypt:3)
  A draconian caller (Zot:4)
  2 very ugly things (Depths:2)
  A deep elf annihilator (Elf:3)
  An eidolon (Crypt:1)
  A deep elf death mage (Vaults:5)
  A jiangshi (Crypt:2)
  A fire dragon (Depths:5)
  A quicksilver dragon zombie (Crypt:1)
  An entropy weaver (Depths:5)
  A yaktaur captain (Vaults:1)
  4 dancing weapons (Elf:2)
  2 salamander stormcallers (Vaults:5)
  2 deep troll earth magi (Depths:5)
  4 deep elf knights
  3 skeletal warriors
  A spriggan druid (Swamp:3)
  3 deep trolls (Depths:5)
  A hill giant (D:11)
  A flayed ghost (Depths:5)
  2 ironbrand convokers
  A harpy (shapeshifter) (Vaults:5)
  3 shining eyes
  4 ugly things
  A wolf spider (Vaults:5)
  2 vault sentinels
  A gargoyle (D:11)
  2 deep elf priests
  2 yaktaurs
  A troll (Vaults:5)
  A bog body (Crypt:1)
  2 two-headed ogres
  A water elemental (Depths:5)
  4 flying skulls (Crypt:1)
  A redback (Vaults:5)
  A shadow (Crypt:1)
  3 deep elf fighters (Elf:2)
  2 wraiths
  A hill giant skeleton (Crypt:1)
  A warg (Orc:3)
  A necrophage (Crypt:1)
  2 orc warriors
  A sky beast (D:8)
  An eye of draining (Slime:6)
  3 ogres
  A boggart (Vaults:1)
  3 wights
  A jelly (Slime:6)
  An orc wizard (Orc:2)
  A swamp drake zombie (Crypt:1)
  A giant eyeball (Depths:5)
  4 orcs
  A giant gecko skeleton (Crypt:2)
  An orc skeleton (Crypt:1)
132 creatures vanquished.

Vanquished Creatures (others)
  2 eldritch tentacles
  A draconian scorcher (Depths:5)
  A fire giant (Vaults:1)
  The ghost of Oper80 the Nimble, a powerful MfGl of Okawaru (IceCv)
  A deep elf high priest (Elf:1)
  A salamander stormcaller (Vaults:4)
  4 dancing weapons
  A satyr (shapeshifter) (Vaults:5)
  10 shadow wraiths
  An unseen horror (Vaults:1)
  12 phantasmal warriors
  3 necromancers
  3 dryads
  499 ball lightnings
  A blue devil (Hell)
  3 fire vortices
  13 freezing wraiths
  3 deep elf magi
  An air elemental (Depths:5)
  A water elemental (Depths:4)
  A redback (Vaults:5)
  A vampire (Crypt:2)
  A deep elf fighter (Elf:2)
  A fire elemental (Vaults:1)
  51 wraiths
  A neqoxec (Abyss:3)
  9 hungry ghosts
  6 phantoms (Vaults:5)
  A boggart (Zot:1)
  An orc priest (Depths:5)
  A hell rat (Elf:2)
  An adder (D:7)
  A chimera (Elf:3)
  A shadow imp (Vaults:3)
  2 white imps (IceCv)
  4 ufetubi
  3 orcs
  A goblin (D:7)
  2 jackals (D:7)
  A bat (D:7)
  A giant newt (Lair:4)
  A briar patch (Swamp:1)
  163 eldritch tentacle segments
  13 fungi
  5 lost souls
  52 plants
  2 snaplasher vines (Crypt:1)
  148 snaplasher vine segments (Crypt:1)
  4 starspawn tentacles (Abyss:3)
  82 starspawn tentacle segments (Abyss:3)
  4 tentacles (Hell)
  215 tentacle segments (Hell)
1342 creatures vanquished.

Grand Total: 5478 creatures vanquished

Notes
Turn   | Place    | Note
--------------------------------------------------------------
     0 | D:1      | casual the Mummy Enchanter began the quest for the Orb.
     0 | D:1      | Reached XP level 1. HP: 13/13 MP: 3/3
   368 | D:1      | Reached skill level 1 in Short Blades
   497 | D:1      | Reached XP level 2. HP: 19/19 MP: 5/5
   502 | D:1      | Learned a level 2 spell: Ensorcelled Hibernation
  1440 | D:2      | Reached XP level 3. HP: 25/25 MP: 6/6
  1517 | D:2      | Found a snail-covered altar of Cheibriados.
  1556 | D:2      | Became a worshipper of Cheibriados the Contemplative
  1586 | D:2      | Learned a level 3 spell: Tukima's Dance
  2078 | D:2      | Reached XP level 4. HP: 18/31 MP: 1/7
  2268 | D:2      | Found a sparkling altar of Nemelex Xobeh.
  2285 | D:2      | Acquired Cheibriados's first power
  2605 | D:2      | Found a glowing golden altar of the Shining One.
  3756 | D:4      | Reached skill level 3 in Dodging
  3764 | D:4      | Reached XP level 5. HP: 19/36 MP: 2/8
  4173 | D:4      | Noticed Blork the orc
  4435 | D:4      | Killed Blork the orc
  4435 | D:4      | Reached skill level 1 in Armour
  4649 | D:4      | Noticed an ogre
  4693 | D:4      | Killed an ogre
  4693 | D:4      | Reached XP level 6. HP: 32/42 MP: 2/9
  5192 | D:5      | Entered Level 5 of the Dungeon
  5206 | D:5      | Noticed Garrluk's ghost (average HEAE)
  5265 | D:5      | Found a staircase to the Ecumenical Temple.
  5334 | D:5      | Acquired Cheibriados's second power
  5395 | D:5      | Learned a level 3 spell: Confuse
  5661 | D:5      | Reached XP level 7. HP: 38/47 MP: 5/11
  5964 | D:5      | Reached skill level 4 in Hexes
  6716 | D:6      | Found a shadowy altar of Dithmenos.
  6885 | D:6      | Reached skill level 1 in Invocations
  7064 | D:6      | Reached XP level 8. HP: 53/53 MP: 9/13
  7128 | D:6      | Acquired Cheibriados's third power
  7821 | D:7      | Noticed Prince Ribbit
  7863 | D:7      | Reached skill level 1 in Shields
  8213 | D:7      | Killed Prince Ribbit
  8213 | D:7      | Acquired Cheibriados's fourth power
  8331 | D:7      | Found a basalt altar of Yredelemnul.
  8495 | D:7      | Reached XP level 9. HP: 58/58 MP: 10/14
  8671 | D:7      | Found a burning altar of Makhleb.
  8672 | D:7      | Noticed Pikel
  8692 | D:7      | Killed Pikel
  8692 | D:7      | Reached skill level 5 in Shields
  9072 | D:8      | Reached skill level 1 in Fighting
  9368 | D:8      | Reached skill level 5 in Dodging
  9697 | D:8      | Learned a level 2 spell: Blink
  9937 | D:8      | Found an iron altar of Okawaru.
  9938 | D:8      | Found a snail-covered altar of Cheibriados.
 10147 | D:8      | Reached skill level 5 in Invocations
 10179 | D:8      | Noticed a griffon
 10189 | D:8      | Killed a griffon
 10189 | D:8      | Reached XP level 10. HP: 67/67 MP: 6/16
 10299 | D:8      | Reached skill level 6 in Invocations
 10305 | D:8      | Found a blossoming altar of Fedhas.
 10635 | D:8      | Reached skill level 7 in Invocations
 10929 | D:8      | Killed Garrluk's ghost
 11052 | D:9      | Reached skill level 8 in Invocations
 11377 | D:9      | Found a staircase to the Orcish Mines.
 11860 | D:10     | Entered Level 10 of the Dungeon
 11869 | D:10     | Learned a level 3 spell: Dazzling Spray
 11871 | D:10     | Learned a level 1 spell: Apportation
 11927 | D:10     | Noticed a hill giant
 11936 | D:10     | Killed a hill giant
 12028 | D:10     | Found Xekaraosen's Antique Weapon Shoppe.
 12097 | D:10     | Found Neofugu's Antique Weapon Shop.
 12384 | D:10     | Reached skill level 5 in Hexes
 12447 | D:10     | Reached XP level 11. HP: 53/74 MP: 13/17
 12660 | D:10     | Found a staircase to the Lair.
 12897 | D:10     | Found Calyher's Food Shoppe.
 13248 | Lair:1   | Entered Level 1 of the Lair of Beasts
 13423 | Lair:1   | Reached skill level 5 in Armour
 14514 | Lair:1   | Reached skill level 5 in Short Blades
 15361 | Lair:2   | Noticed ohyou's ghost (experienced OpTm)
 15380 | Lair:2   | Killed ohyou's ghost
 15863 | Lair:2   | Noticed a five-headed hydra
 15882 | Lair:2   | Killed a five-headed hydra
 15882 | Lair:2   | Reached XP level 12. HP: 38/84 MP: 8/19
 15953 | Lair:2   | Reached skill level 5 in Spellcasting
 16334 | Lair:2   | Found a glowing silver altar of Zin.
 17496 | Lair:3   | Found a basalt altar of Yredelemnul.
 19904 | Lair:4   | Reached skill level 5 in Fighting
 19966 | Lair:4   | Noticed a five-headed hydra
 19983 | Lair:4   | Killed a five-headed hydra
 20787 | Lair:4   | Found a staircase to the Swamp.
 21899 | Lair:5   | Gained mutation: You are in touch with the powers of death. [Mummy growth]
 21899 | Lair:5   | Gained mutation: You can restore your body by infusing magical energy. [Mummy growth]
 21899 | Lair:5   | Reached XP level 13. HP: 27/92 MP: 5/22
 22404 | Lair:5   | Found a hole to the Spider Nest.
 22599 | Lair:5   | Reached skill level 9 in Invocations
 22870 | Lair:5   | Got a shimmering brass ring
 22871 | Lair:5   | Identified the ring of Uwimaser {SustAt rF++ MR- Str+4 SInv} (You found it on level 5 of the Lair of Beasts)
 23017 | Lair:6   | Reached skill level 1 in Translocations
 24242 | Lair:6   | Reached skill level 5 in Translocations
 26400 | Lair:7   | Found a staircase to the Slime Pits.
 26401 | Lair:7   | Found a viscous altar of Jiyva.
 26445 | Lair:7   | Noticed Josephine
 26450 | Lair:7   | Killed Josephine
 26589 | Lair:7   | Reached XP level 14. HP: 98/103 MP: 9/23
 27388 | Lair:7   | Reached skill level 1 in Ice Magic
 27519 | Lair:8   | Entered Level 8 of the Lair of Beasts
 27519 | Lair:8   | Noticed Kirke
 27670 | Lair:7   | Killed Kirke
 30583 | Orc:1    | Entered Level 1 of the Orcish Mines
 30842 | Orc:1    | Found Gopnybb's Gadget Boutique.
 31173 | Orc:2    | Found a roughly hewn altar of Beogh.
 31593 | Orc:2    | Found a runed door.
 32168 | Orc:2    | Found a roughly hewn altar of Beogh.
 32488 | Orc:3    | Noticed Urug
 32489 | Orc:3    | Found a staircase to the Elven Halls.
 32500 | Orc:3    | Killed Urug
 32530 | Orc:3    | Found Buguozxo's Weapon Shoppe.
 33488 | Orc:4    | Entered Level 4 of the Orcish Mines
 34022 | Orc:4    | Found a roughly hewn altar of Beogh.
 34066 | Orc:4    | Reached XP level 15. HP: 112/112 MP: 12/24
 34362 | Orc:4    | Found a roughly hewn altar of Beogh.
 34641 | Orc:4    | Reached skill level 10 in Invocations
 35236 | Orc:4    | Found Vusilefe's Food Boutique.
 35236 | Orc:4    | Found Norhif's Jewellery Emporium.
 35237 | Orc:4    | Found Niggippo's Antique Weapon Emporium.
 35237 | Orc:4    | Found Urchuy's General Store.
 35405 | Orc:4    | Bought a scroll of acquirement for 572 gold pieces
 35408 | Orc:4    | Identified the Compendium of the Snowflakes (You acquired it on level 4 of the Orcish Mines)
 36290 | D:11     | Noticed Maud
 36303 | D:11     | Killed Maud
 36303 | D:11     | Reached skill level 11 in Invocations
 37472 | D:12     | Noticed Rupert
 37473 | D:12     | Noticed Gastronok
 37482 | D:12     | Killed Rupert
 37500 | D:12     | Killed Gastronok
 38004 | D:13     | Reached skill level 12 in Invocations
 38703 | D:13     | Found Kedyiz's Magic Scroll Emporium.
 39201 | D:14     | Found a gate to the Vaults.
 39424 | D:14     | ohyou: muen of chei?
 39527 | D:14     | ohyou: a en potomu4to asasin ili potomu 4to ho4ew hexes?
 39604 | D:14     | ohyou: za4em chei to
 39604 | D:14     | ohyou: o lol
 39612 | D:14     | Reached skill level 10 in Dodging
 39829 | D:14     | Found Xeazxot's Antique Weapon Boutique.
 40120 | D:14     | ohyou: skolko u tebya sblades?
 40120 | D:14     | ohyou: skill
 40120 | D:14     | wingboner: Потому что стрик делаю!!11
 40120 | D:14     | wingboner: Мало.
 40120 | D:14     | ohyou: a ok sps
 40145 | D:15     | Entered Level 15 of the Dungeon
 40462 | D:15     | ohyou: v conj ne budew?
 40462 | D:15     | wingboner: Как только найду любую девятку, кроме дискорда, вот ту школу и буду качать.
 40471 | D:15     | ohyou: a
 40519 | D:15     | ohyou: ne podderjivay Mu
 40539 | D:15     | ohyou: nelza bit purple
 40545 | D:15     | wingboner: Кек.
 40545 | D:15     | wingboner: Мне они тоже не нравятся, но: Unwon species for Xenobreeder: Demonspawn, Draconian, Mummy, Ogre, Spriggan, Vampire
 40825 | D:15     | ohyou: da nu vzyal bi ds ili vp
 40826 | D:15     | ohyou: vp nyashka je
 40826 | D:15     | wingboner: Возьму потом.
 40826 | D:15     | wingboner: Вампиров, кстати, вообще не понимаю.
 40831 | D:15     | ohyou: a 4o
 40832 | D:15     | ohyou: bloodless vampire eto kruto
 40832 | D:15     | wingboner: Думаю попробовать с Кику.
 40832 | D:15     | ohyou: VpEn
 40841 | D:15     | ohyou: tam prikol v tom, 4to ti izza bite kajdii backstup sosew krov
 40843 | D:15     | ohyou: potomu ti nikogda ne bloodless
 40849 | D:15     | Reached skill level 10 in Armour
 40853 | D:15     | ohyou: a tolko tolko pryam pered etim sostoyaniem
 40865 | D:15     | Reached XP level 16. HP: 48/120 MP: 4/26
 40897 | D:15     | ohyou: mne o4en ponravilos
 40908 | D:15     | wingboner: Ну может.
 40908 | D:15     | wingboner: Тоже Чеи возьму.
 40908 | D:15     | wingboner: С Чеи любое говно нагибает.
 40908 | D:15     | ohyou: rN besplatniy, netu s4itai food managementa, no vse ravno est flaski
 40909 | D:15     | ohyou: ya s dith begal, no on bil liwnim
 40946 | D:15     | ohyou: bloodless vp i tak capaet stealth dovolno rano
 41020 | D:15     | ohyou: navernoe potom vozmu sif muna i budu vihodit v maga i late game
 41273 | D:15     | Found a staircase to the Depths.
 41303 | D:15     | ohyou: ne zabei
 41312 | D:15     | ohyou: tam MRa dofiga
 41522 | D:15     | ohyou: ladno poidu domoi, toje igrat budu
 41651 | D:15     | ohyou: blade hands <3
 41651 | D:15     | wingboner: Давай, успехов.
 41678 | D:15     | Found Doubinio's Armour Shoppe.
 41684 | D:15     | ohyou: i tebe
 41684 | D:15     | ohyou: ti kstati 5 run?
 41684 | D:15     | wingboner: Статуя лучше для октанов.
 41684 | D:15     | wingboner: Ахз.
 41684 | D:15     | wingboner: Как пойдёт.
 41684 | D:15     | wingboner: Может найду шторм и пойду за 15.
 41684 | D:15     | ohyou: tak statuya je stack s bh?
 41684 | D:15     | wingboner: Не.
 41684 | D:15     | ohyou: a stoneskin?
 41684 | D:15     | ohyou: zna4it stoneskin stack
 41684 | D:15     | wingboner: Вот с камнекожей не просто стакается, а усиливается.
 41684 | D:15     | ohyou: ne
 41684 | D:15     | ohyou: stoneskin + bh
 41684 | D:15     | wingboner: Тогда лучше озокубу+бх.
 41684 | D:15     | wingboner: Больше АС.
 41684 | D:15     | ohyou: ne, taki v statuy poidu
 41684 | D:15     | ohyou: x6 constriction op
 41684 | D:15     | ohyou: ili skolko tam
 41684 | D:15     | wingboner: Статуя дикая имба.
 41684 | D:15     | wingboner: А главное октану ничего не мелдит.
 41740 | D:15     | ohyou: da
 41743 | D:15     | ohyou: necromuta toje
 41873 | D:15     | wingboner: Да некромут никому не мелдит.
 41873 | D:15     | ohyou: o da? ne znal
 41873 | D:15     | ohyou: nu ladno
 41874 | D:15     | wingboner: Но в некромуте нет такого зверского урона и AC.
 41874 | D:15     | wingboner: И резисты.
 41908 | D:15     | wingboner: Там есть, но меньше.
 42096 | D:15     | ohyou: zato torment immunity
 42246 | D:14     | wingboner: У статуи резист.
 42246 | D:14     | wingboner: Хватает.
 42598 | Swamp:1  | Entered Level 1 of the Swamp
 42624 | Swamp:1  | Reached skill level 10 in Fighting
 42953 | Swamp:1  | Reached skill level 1 in Conjurations
 44525 | Swamp:2  | Reached skill level 5 in Conjurations
 47410 | Swamp:3  | Reached XP level 17. HP: 129/129 MP: 29/29
 48038 | Swamp:4  | Entered Level 4 of the Swamp
 49086 | Swamp:4  | Reached skill level 10 in Short Blades
 49938 | Swamp:4  | Got a decaying rune of Zot
 50101 | Swamp:3  | Noticed a tentacled monstrosity
 50340 | Spider:1 | Entered Level 1 of the Spider Nest
 50340 | Spider:1 | Noticed Donald
 50347 | Spider:1 | Killed Donald
 52725 | Spider:3 | Identified a -3 rod of shadows (14/14) (You found it on level 3 of the Spider Nest)
 53694 | Spider:3 | Reached XP level 18. HP: 64/136 MP: 25/30
 54126 | Spider:4 | Entered Level 4 of the Spider Nest
 54437 | Spider:4 | Reached skill level 10 in Shields
 58142 | Spider:4 | Got a gossamer rune of Zot
 59477 | D:15     | Bought a +4 plate armour of magic resistance for 800 gold pieces
 59830 | Elf:1    | Entered Level 1 of the Elven Halls
 60243 | Elf:1    | Found Qilex's Gadget Shoppe.
 61102 | Elf:1    | Reached skill level 1 in Long Blades
 62041 | Elf:2    | Found a frozen archway.
 62085 | IceCv    | Entered an ice cave
 62139 | IceCv    | Killed Oper80's ghost
 63404 | Elf:2    | Found a runed gate.
 63404 | Elf:2    | Found a runed gate.
 63405 | Elf:2    | Found a runed gate.
 63559 | Elf:2    | Reached XP level 19. HP: 143/143 MP: 31/31
 63978 | Lair:1   | Learned a level 5 spell: Bolt of Draining
 63984 | Lair:1   | Learned a level 5 spell: Dispel Undead
 64484 | Elf:3    | Entered Level 3 of the Elven Halls
 64502 | Elf:3    | Reached skill level 1 in Necromancy
 64658 | Elf:3    | Noticed Asterion
 64793 | Elf:3    | Killed Asterion
 65032 | Elf:3    | Noticed Mara
 65039 | Elf:3    | Noticed casual's illusion
 65642 | Elf:3    | Reached skill level 5 in Necromancy
 67181 | Elf:3    | Reached skill level 10 in Necromancy
 68093 | Elf:3    | Identified the Papyrus of Conjuration
 68103 | Elf:3    | Got a pair of ichor-stained gloves
 68442 | Elf:3    | Identified the +0 pair of gloves of the Marlin {Regen+ Str+5} (You found it on level 3 of the Elven Halls)
 69237 | Vaults:1 | Entered Level 1 of the Vaults
 69755 | Vaults:1 | Reached XP level 20. HP: 134/150 MP: 32/32
 71209 | Vaults:1 | Found Monokoo's Book Shoppe.
 71217 | Vaults:1 | Bought a book of Air for 490 gold pieces
 71220 | Vaults:1 | Learned a level 2 spell: Repel Missiles
 73585 | Swamp:1  | Learned a level 4 spell: Iskenderun's Mystic Blast
 74972 | Vaults:2 | Reached skill level 13 in Necromancy
 75430 | Vaults:2 | Got a steaming chain mail
 75431 | Vaults:2 | Identified the cursed +1 chain mail of the Lost Path {rElec rPois rF+ Int-3} (You found it on level 2 of the Vaults)
 76261 | Vaults:2 | Reached skill level 10 in Spellcasting
 77166 | Vaults:2 | Found a staircase to the Crypt.
 77166 | Vaults:2 | Found a basalt altar of Yredelemnul.
 77167 | Vaults:2 | Found an ancient bone altar of Kikubaaqudgha.
 78269 | Vaults:3 | Reached XP level 21. HP: 154/156 MP: 10/35
 78751 | Vaults:3 | Reached skill level 10 in Conjurations
 78809 | Vaults:3 | Found Qeybbuk's Food Boutique.
 79369 | Swamp:3  | Killed a tentacled monstrosity
 79478 | Swamp:3  | Learned a level 7 spell: Haunt
 79958 | Vaults:1 | Reached skill level 1 in Summonings
 81199 | Vaults:3 | Reached skill level 5 in Summonings
 82595 | Vaults:3 | Found Maggaoh's General Store.
 82599 | Vaults:3 | Bought the +8 ring mail of Cagosh {MR+ Dex+5} for 1207 gold pieces
 84162 | Vaults:4 | Noticed Saint Roka
 85111 | Vaults:4 | Reached skill level 10 in Summonings
 86021 | Vaults:4 | Reached XP level 22. HP: 163/163 MP: 25/36
 86253 | Vaults:4 | Killed Saint Roka
 87000 | Vaults:1 | Bought a book of Summonings for 980 gold pieces
 87006 | Vaults:1 | Learned a level 5 spell: Summon Forest
 87012 | Vaults:1 | Learned a level 5 spell: Shadow Creatures
 87145 | Crypt:1  | Entered Level 1 of the Crypt
 87145 | Crypt:1  | Noticed Sojobo
 87283 | Crypt:1  | Killed Sojobo
 87376 | Crypt:1  | Noticed Jory
 87626 | Crypt:1  | Noticed Frederick
 87638 | Crypt:1  | Killed Frederick
 87650 | Crypt:1  | Killed the ghostly Frederick
 88064 | Crypt:1  | Noticed Mennas
 88410 | Crypt:2  | Got a scorched plate armour
 88411 | Crypt:2  | Identified the +10 plate armour "Usiside" {Regen+ Str+6 Int-5 SInv} (You found it on level 2 of the Crypt)
 88523 | Crypt:2  | Upgraded the game from 0.17-a0-1195-g0639cb0 to 0.17-a0-1202-g2dd280d
 89084 | Crypt:3  | Entered Level 3 of the Crypt
 90011 | Crypt:3  | Found a basalt altar of Yredelemnul.
 91235 | Crypt:3  | Learned a level 6 spell: Conjure Ball Lightning
 91260 | Crypt:3  | Reached skill level 1 in Air Magic
 91666 | Crypt:3  | Got a translucent iron ring
 91668 | Crypt:3  | Identified the ring "Agikira" {rC+ MR+ Str+3 Slay+3} (You took it off a death knight on level 3 of the Crypt)
 92822 | Crypt:3  | Reached skill level 5 in Air Magic
 92971 | Crypt:3  | Reached XP level 23. HP: 148/169 MP: 24/37
 93172 | Crypt:3  | Got a pitted buckler
 93173 | Crypt:3  | Identified the +3 buckler "Ameyxona" {Int+3 Dex+4 Stlth+} (You found it on level 3 of the Crypt)
 93207 | Crypt:3  | Identified a +0 rod of destruction (14/14) (You found it on level 3 of the Crypt)
 93404 | Crypt:3  | Got a clouded granite ring
 93405 | Crypt:3  | Identified the ring "Mayczamuu" {rF+ rN+ Str+2 Slay+2} (You found it on level 3 of the Crypt)
 93407 | Crypt:3  | Got a fine iron ring
 93408 | Crypt:3  | Identified the ring "Nuazuod" {rElec rC++ rN+ Str-3} (You found it on level 3 of the Crypt)
 94596 | Crypt:3  | Found a staircase to the Tomb.
 95792 | Crypt:1  | Killed Jory
 96190 | Depths:1 | Entered Level 1 of the Depths
 96335 | Depths:1 | Noticed Norris
 96348 | D:15     | Killed Norris
 96461 | Depths:1 | Reached skill level 10 in Air Magic
 97452 | Depths:1 | Got a warped scale mail
 97453 | Depths:1 | Identified the cursed +1 scale mail of Impermeability {rF- rCorr Int-2 Stlth+} (You found it on level 1 of the Depths)
 97582 | Depths:1 | Found a one-way gate to the infinite horrors of the Abyss.
 97744 | Depths:1 | Found a gateway to Hell.
 99439 | Depths:2 | Found a radiant altar of Vehumet.
 99661 | Depths:2 | Found Fesuck's General Store.
100122 | Depths:2 | Reached XP level 24. HP: 175/175 MP: 26/37
101305 | D:13     | Bought a scroll of amnesia for 49 gold pieces
101461 | Vaults:1 | Learned a level 6 spell: Deflect Missiles
101471 | Vaults:1 | Learned a level 9 spell: Tornado
101988 | Depths:3 | Reached skill level 14 in Air Magic
102654 | Depths:3 | Got an ichor-stained leather armour
102656 | Depths:3 | Identified the +3 leather armour of Ajugur Keli {rF+ rN+ rCorr MP-9} (You took it off a deep elf sorcerer on level 3 of the Depths)
103403 | Depths:3 | Found a one-way gate leading to the halls of Pandemonium.
103463 | Depths:4 | Reached skill level 15 in Air Magic
103468 | Depths:4 | Noticed Xtahua
103610 | Depths:4 | Killed Xtahua
103611 | Depths:4 | Noticed the Enchantress
104380 | Depths:3 | Killed the Enchantress
104382 | Depths:3 | Got a faerie dragon armour
104383 | Depths:3 | Identified the +0 faerie dragon armour {rPois MP+9 Int-5} (You took it off the Enchantress on level 3 of the Depths)
104622 | Depths:3 | Found a one-way gate leading to the halls of Pandemonium.
105096 | Depths:4 | Reached skill level 16 in Air Magic
106020 | Depths:4 | Reached XP level 25. HP: 130/181 MP: 7/37
106481 | Depths:4 | Got a pitted copper ring
106482 | Depths:4 | Identified the ring "Pegawk" {rN+ Str+3} (You found it on level 4 of the Depths)
106635 | Depths:4 | Found a gateway to a ziggurat.
106690 | Depths:5 | Entered Level 5 of the Depths
106777 | Depths:5 | Paralysed by a giant eyeball for 3 turns
107072 | Depths:5 | Reached skill level 17 in Air Magic
107656 | Depths:5 | Got a scintillating copper ring
107660 | Depths:5 | Identified the ring "Juagej" {rElec rN+ Str-3 Dex+3} (You took it off a spriggan defender on level 5 of the Depths)
107670 | Depths:5 | Paralysed by a giant eyeball for 4 turns
107868 | Depths:5 | Found a gate to the Realm of Zot.
108250 | Depths:5 | Found Uniolyr's Magic Scroll Shop.
108844 | Depths:5 | Reached skill level 18 in Air Magic
108986 | Depths:5 | Got a twitching bronze ring
109745 | Depths:5 | Bought a scroll of teleportation for 69 gold pieces
110007 | D:13     | Bought a scroll of teleportation for 42 gold pieces
110281 | Vaults:3 | Bought a scroll of teleportation for 54 gold pieces
110831 | Elf:1    | Bought a wand of teleportation (5) for 513 gold pieces
111598 | Elf:2    | Identified the ring of the Gloaming {-Tele +Fly Int+3 Stlth+} (You took it off a yaktaur on level 5 of the Depths)
112311 | Depths:5 | Got a scorched platinum ring
112313 | Depths:5 | Identified the ring of Goesougi {Ice MR+} (You took it off an orc warrior on level 5 of the Depths)
113786 | Vaults:5 | Entered Level 5 of the Vaults
114142 | Vaults:5 | Reached skill level 19 in Air Magic
114143 | Vaults:5 | Gained mutation: You are strongly in touch with the powers of death. [Mummy growth]
114143 | Vaults:5 | Reached XP level 26. HP: 70/188 MP: 14/39
115286 | Vaults:5 | Noticed Jorgrun
115414 | Vaults:4 | Killed Jorgrun
115489 | Vaults:5 | Reached skill level 20 in Air Magic
116545 | Vaults:5 | Got a twisted scale mail
116549 | Vaults:5 | Identified the cursed +1 scale mail "Waojyl" {rF++} (You took it off an orc on level 5 of the Vaults)
116736 | Vaults:5 | Got a silver rune of Zot
117414 | Vaults:5 | Identified Iskenderun's Tome of Confrontation
118414 | Vaults:4 | Got a clouded platinum ring
118415 | Vaults:4 | Identified the ring "Hiblagg" {Wiz Dex+4} (You took it off a yaktaur captain on level 4 of the Vaults)
119361 | Slime:1  | Entered Level 1 of the Pits of Slime
119865 | Slime:2  | Found a viscous altar of Jiyva.
120636 | Slime:4  | Reached XP level 27. HP: 99/194 MP: 5/41
121587 | Slime:6  | Entered Level 6 of the Pits of Slime
121651 | Slime:6  | Reached skill level 21 in Air Magic
121802 | Slime:6  | Noticed the royal jelly
121831 | Slime:6  | Reached skill level 15 in Spellcasting
122484 | Slime:6  | Noticed Herrn's ghost (legendary NaFi)
122627 | Slime:6  | Killed Herrn's ghost
123526 | Slime:6  | Killed the royal jelly
124144 | Slime:6  | Got a spiked scale mail
124267 | Slime:6  | Got a slimy rune of Zot
124273 | Slime:6  | Got a twisted scale mail
124347 | Slime:6  | Got a scorched tin ring
124348 | Slime:6  | Identified the ring of Wishrorch {rElec MR- AC+4 Str+4} (You found it on level 6 of the Pits of Slime)
124487 | Slime:6  | Identified the cursed +1 scale mail of the Blind Marksman {rF+ rC+ Dex-2} (You found it on level 6 of the Pits of Slime)
124498 | Slime:6  | Identified the +1 scale mail "Xenaghod" {Str+3} (You found it on level 6 of the Pits of Slime)
125191 | Orc:4    | Bought an uncursed amulet of stasis for 210 gold pieces
125191 | Orc:4    | Bought an uncursed amulet of resist mutation for 480 gold pieces
125641 | Hell     | Entered the Vestibule of Hell
125641 | Hell     | Noticed Geryon
125664 | Hell     | Killed Geryon
125940 | Hell     | Found a gateway to the freezing wastes of Cocytus.
126126 | Hell     | Found a gateway to the decaying netherworld of Tartarus.
126283 | Hell     | Found a gateway to the ashen valley of Gehenna.
126362 | Hell     | Found a gateway to the Iron City of Dis.
126587 | Depths:1 | Voluntarily entered the Abyss.
126746 | Abyss:2  | Paralysed by accursed screaming for 1 turns
126904 | Abyss:3  | Paralysed by you for 3 turns
127105 | Abyss:3  | Got an abyssal rune of Zot
127202 | Abyss:3  | Reached skill level 22 in Air Magic
127533 | Abyss:3  | Paralysed by accursed screaming for 1 turns
127588 | Abyss:3  | Found a basalt altar of Yredelemnul.
127647 | Depths:1 | Escaped the Abyss
127727 | Zot:1    | Entered Level 1 of the Realm of Zot
127953 | Depths:5 | Bought a scroll of recharging for 218 gold pieces
128754 | Zot:1    | Learned a level 6 spell: Poison Arrow
130016 | Zot:3    | Reached skill level 23 in Air Magic
131312 | Zot:4    | Reached skill level 1 in Evocations
131678 | Zot:4    | Reached skill level 5 in Evocations
132479 | Zot:5    | Entered Level 5 of the Realm of Zot
132799 | Zot:5    | Got a faintly humming ring mail
132872 | Zot:5    | Identified the +1 ring mail of Mihe {rC- rN++ Str+3} (You found it on level 5 of the Realm of Zot)
132922 | Zot:5    | Noticed an ancient lich
132924 | Zot:5    | Killed an ancient lich
133122 | Zot:5    | Noticed an ancient lich
133124 | Zot:5    | Killed an ancient lich
133324 | Zot:5    | Reached skill level 10 in Evocations
133354 | Zot:5    | Noticed an orb of fire
133365 | Zot:5    | Noticed an orb of fire
133370 | Zot:5    | Noticed an orb of fire
133381 | Zot:5    | Noticed an ancient lich
133392 | Zot:5    | Killed an ancient lich
133695 | Zot:5    | Killed an orb of fire
133721 | Zot:5    | Killed an orb of fire
133839 | Zot:5    | Noticed an ancient lich
133843 | Zot:5    | Killed an ancient lich
133932 | Zot:5    | Killed an orb of fire
134049 | Zot:5    | Noticed an orb of fire
134057 | Zot:5    | Killed an orb of fire
134134 | Zot:5    | Noticed an orb of fire
134146 | Zot:5    | Killed an orb of fire
134302 | Zot:5    | Reached skill level 15 in Fighting
134479 | Zot:5    | Got the Orb of Zot
134702 | Depths:5 | Learned a level 8 spell: Chain Lightning
135080 | D:10     | Noticed Wuips the pandemonium lord
135087 | D:10     | Killed Wuips the pandemonium lord
135197 | D:8      | Noticed Kiolyej the pandemonium lord
135206 | D:8      | Killed Kiolyej the pandemonium lord
135299 | D:6      | Noticed Fuoxer Reul the pandemonium lord
135312 | D:6      | Killed Fuoxer Reul the pandemonium lord
135383 | D:3      | Noticed a seraph
135403 | D:3      | Noticed Xuacidel the pandemonium lord
135412 | D:3      | Killed Xuacidel the pandemonium lord
135540 | D:$      | Escaped with the Orb!

Vault maps used:
D:1:      dpeg_arrival_shelter, corner_web_ring, fountainhead
D:2:      minmay_kobold_bridge, tso_altar, nemelex_deck, first_bread,
          cheibriados_altar_wand_db
D:4:      amethyst_killhole, uniq_blork_the_orc
D:5:      minmay_temple_entry_junction
D:6:      nicolae_overflow_crystal_walls
D:7:      wad_crossroads, overflow_temple_1_default, lemuel_doored_altar,
          uniq_pikel, uniq_prince_ribbit1
D:8:      kennysheep_big_flooded_room, nicolae_overflow_hidden_temple,
          hangedman_tree_tricks, small_chamber_with_monster,
          basic_loot_grate_trap
D:9:      david_orc_3
D:10:     erik_lair_dragon, serial_shops, shop, shop, shop
D:11:     uniq_maud
D:12:     disabler_island, uniq_gastronok, uniq_rupert
D:13:     serial_shops, nicolae_shop_behind_doors
D:14:     david_vaults_1, special_room, serial_park_square3, serial_shops,
          nicolae_shop_overgrown_old_shop, grunt_decor_arrowhead
D:15:     gammafunk_depths_entry_grave, minmay_misc_feat_diagonals,
          serial_shops, shop
Lair:1:   st_stairs_3
Lair:2:   minmay_lair_venomous_thicket, basic_altar, forest_entry_grove,
          serial_bayou_shore_a
Lair:3:   basic_altar, grunt_megastairs_4, lemuel_fruit_tree,
          serial_bayou_shore_b
Lair:4:   minmay_swamp_entry_reptiles, serial_bayou_pond_c, dpeg_oklob_1,
          infiniplex_staircase_pool
Lair:5:   wad_woods_tower, spider_nest_entry_a
Lair:6:   minivault_27, beast_lair_carwin_4
Lair:7:   wad_woods_structure_01, slime_altar_1, serial_bayou,
          serial_bayou_pond_b, serial_bayou_lake_a, serial_bayou_pond_b,
          serial_bayou_pond_b, serial_bayou_pond_d, uniq_josephine
Lair:8:   guppyfry_lair_end_dragon, hangedman_lair_caniforms_friends, uniq_kirke
Swamp:1:  serial_swamp_ruin, evilmike_swamp_ruin_rubble_2,
          evilmike_swamp_ruin_rubble_1
Swamp:2:  hangedman_swamp_blocks, swamp_pool1, nicolae_swamp_baby_hydras
Swamp:3:  nicolae_swamp_fairy_circle, swamp_pool1, cheibrodos_swamp_kobolds
Swamp:4:  swamp, swamp_pool1
Spider:1: uniq_donald
Spider:3: spider_trap, nicolae_spider_nook
Spider:4: grunt_spider_rune_circles, nicolae_spider_webs_and_nodes
Slime:2:  basic_altar
Slime:4:  cheibrodos_slime_lost_civilization_2
Orc:1:    serial_shops, shop_fountains
Orc:2:    basic_altar, lightli_church_of_beogh
Orc:3:    serial_shops, nicolae_shop_behind_doors, nicolae_orc_pool_cavern,
          nooodl_orcs_dogs, uniq_urug
Orc:4:    st_orc_ogre_mass, basic_altar, kennysheep_orc_chapel
Elf:1:    eino_elf_arrival_customs, serial_shops, shop, hangedman_elf_represent,
          nicolae_elf_stone_circles, nicolae_elf_glass_and_crystal_pillar_1
Elf:2:    portal_ice_cave_entry_imps
Elf:3:    grunt_elf_hall_asides, spider_trap, uniq_mara, uniq_asterion
Vaults:1: v_misc_19, nicolae_vaults_little_squares_5,
          ontoclasm_vaults_loading_screen, ontoclasm_vaults_decontamination,
          vaults_standard_mumra_x, nicolae_vaults_alarming, vaults_mumra_hex,
          v_alt_pattern_4, v_misc_30, ontoclasm_vaults_spin,
          grunt_vaults_funneled_arena, vaults_room_stairs_pillars,
          nicolae_vaults_mini_display_case, nicolae_vaults_gold_heap,
          ontoclasm_vaults_loading_screen, serial_shops,
          nicolae_shop_competitors_out_of_business
Vaults:2: v_misc_19, hangedman_vaults_river_flow, v_pattern_3,
          dpeg_vaults_monster_row, v_misc_9, vaults_room_hallway, v_misc_3,
          minmay_crypt_entry_necro_gods, ontoclasm_vaults_eye,
          vaults_room_hallway, nicolae_vaults_little_squares_5,
          nicolae_vaults_asterisk, st_octagons_2
Vaults:3: nicolae_vaults_lopsided_apartments, hangedman_vaults_variations,
          vaults_room_large_hall, vaults_room_door_hall, v_misc_9, v_misc_31,
          v_alt_pattern_2, nicolae_vaults_angled_halls, v_misc_9,
          vaults_mumra_chevron, nicolae_vaults_little_squares_4, serial_shops,
          shop, shop
Vaults:4: v_alt_pattern_3, ontoclasm_vaults_claustrophobia,
          ontoclasm_vaults_tryst, vaults_mumra_minichess, grunt_vaults_focal,
          vaults_room_pools, vaults_dpeg_diagonal, nicolae_vaults_rhombus_5,
          vaults_dpeg_encased_lava, uniq_saint_roka
Vaults:5: uniq_jorgrun
Crypt:1:  uniq_frederick, uniq_jory, uniq_sojobo, uniq_mennas
Crypt:2:  minicrypt_bobbens, uniq_boris
Crypt:3:  evilmike_haunted_forest
Depths:1: minmay_haunted_quarter, abyss_entry_small_statue_room,
          grunt_hell_entry_dis_mu, kennysheep_potato, uniq_norris
Depths:2: gold_lair_mu, serial_shops, nicolae_shop_statue_plus, hell_entry,
          basic_altar
Depths:3: minmay_expanding_squares, rand_demon_pan_entry_1, hell_entry
Depths:4: minmay_open_boxes_in_corner, enter_ziggurat_e, solitary_fountain,
          hangedman_abyss_entry_splay, hell_entry, kennysheep_generic_room_10,
          uniq_xtahua, uniq_enchantress
Depths:5: hangedman_spin_cycle, hell_entry, abyss_entry
Zot:1:    hangedman_orp_of_zott, lemuel_baited_zot_trap, st_stairs_11
Zot:4:    lemuel_draconian_sentries_small, st_stairs_6
Abyss:3:  evilmike_abyss_rune_ettins, small_statue_intersection
IceCv:    ice_cave_small_demon

Action                   |  1- 3 |  4- 6 |  7- 9 | 10-12 | 13-15 | 16-18 | 19-21 | 22-24 | 25-27 || total
-------------------------+-------+-------+-------+-------+-------+-------+-------+-------+-------++-------
Melee: Dagger            |    56 |       |       |       |       |   630 |       |       |       ||   686
       Whip              |    45 |       |       |       |       |       |       |       |       ||    45
       Short sword       |    29 |   163 |   384 |  1331 |  2868 |  1330 |     6 |       |       ||  6111
       Scimitar          |       |       |       |       |       |   851 |   627 |   220 |  2207 ||  3905
       Long sword        |       |       |       |       |       |       |  1300 |   626 |       ||  1926
       Staff             |       |       |       |       |       |       |       |       |   194 ||   194
 Fire: Blowgun           |       |       |     8 |     6 |    16 |    12 |       |       |       ||    42
Throw: Stone             |       |     1 |     7 |    14 |     1 |    15 |       |     9 |       ||    47
 Cast: Corona            |     4 |       |     3 |       |     4 |     7 |       |       |       ||    18
       Ensorcelled Hiber |    11 |    19 |     4 |       |   272 |   450 |     2 |       |       ||   758
       Tukima's Dance    |       |     3 |    12 |     4 |    13 |     6 |    33 |     9 |     2 ||    82
       Confuse           |       |     2 |    22 |    88 |    69 |    71 |     4 |       |       ||   256
       Dazzling Spray    |       |       |       |       |       |     2 |     8 |       |       ||    10
       Bolt of Draining  |       |       |       |       |       |       |   403 |   197 |   174 ||   774
       Dispel Undead     |       |       |       |       |       |       |    38 |   310 |    84 ||   432
       Repel Missiles    |       |       |       |       |       |       |     6 |     4 |       ||    10
       Iskenderun's Myst |       |       |       |       |       |       |    22 |       |       ||    22
       Shadow Creatures  |       |       |       |       |       |       |       |     8 |       ||     8
       Summon Forest     |       |       |       |       |       |       |       |     7 |       ||     7
       Haunt             |       |       |       |       |       |       |       |    15 |    89 ||   104
       Conjure Ball Ligh |       |       |       |       |       |       |       |   144 |    62 ||   206
       Deflect Missiles  |       |       |       |       |       |       |       |     2 |    15 ||    17
       Tornado           |       |       |       |       |       |       |       |       |   169 ||   169
       Poison Arrow      |       |       |       |       |       |       |       |       |     3 ||     3
Invok: Bend Time         |       |     1 |       |     1 |    10 |    11 |    10 |     2 |     3 ||    38
       Slouch            |       |       |     1 |     1 |    12 |    23 |    10 |       |    12 ||    59
       Step From Time    |       |       |       |     1 |       |     1 |     1 |     2 |     3 ||     8
       Temporal Distorti |       |       |       |       |     1 |     4 |     2 |     4 |     9 ||    20
Evoke: Wand              |       |       |       |       |     2 |    16 |    40 |    10 |    40 ||   108
       Rod               |       |       |       |       |       |     2 |       |       |       ||     2
       Lamp of fire      |       |       |       |       |       |     1 |     2 |       |     1 ||     4
       Box of beasts     |       |       |       |       |       |       |     1 |       |       ||     1
       Phial of floods   |       |       |       |       |       |       |       |     1 |     1 ||     2
       Fan of gales      |       |       |       |       |       |       |       |       |     1 ||     1
       Staff of energy   |       |       |       |       |       |       |       |       |    13 ||    13
  Use: Scroll            |       |     9 |     3 |    11 |     9 |    16 |    30 |    27 |    45 ||   150
 Stab: Sleeping          |    15 |    15 |     9 |     8 |   134 |   199 |     1 |       |     2 ||   383
       Confused          |       |     1 |     7 |    56 |    43 |    43 |     1 |     1 |     3 ||   155
       Distracted        |       |     1 |     2 |     1 |     2 |     1 |     7 |    10 |    29 ||    53
       Fleeing           |       |       |       |     1 |     3 |     1 |       |       |       ||     5
       Petrified         |       |       |       |       |     4 |       |       |       |       ||     4
       Invisible         |       |       |       |       |       |       |     2 |       |       ||     2
